 Dungeon Crawl Stone Soup version 0.29.1-15-g9cfb28693d (webtiles) character file.

Game seed: 3051167320423149588

326 MacCMillion the Ruffian (level 6, 0/59 (61) HPs)
             Began as a Troll Fighter on Feb 21, 2023.
             Slain by a wraith (11 damage)
             ... in an ossuary.
             The game lasted 00:04:10 (1500 turns).

MacCMillion the Ruffian (Troll Fighter)             Turns: 1500, Time: 00:04:10

HP:   0/59 (61)     AC:  4    Str: 25    XL:     6   Next: 24%
MP:   5/5           EV:  8    Int:  6    God:
Gold: 24            SH:  7    Dex:  9    Spells: 5/5 levels left

rFire   . . .      SeeInvis .     - Unarmed
rCold   . . .      Faith    .   b - +0 kite shield
rNeg    . . .      Spirit   .   a - +0 robe
rPois   .          Reflect  .   (helmet restricted)
rElec   .          Harm     .   (no cloak)
rCorr   .          Rampage  .   (gloves unavailable)
Will    .....                   (boots unavailable)
Stlth   +.........              h - amulet of regeneration
HPRegen 1.79/turn               (no ring)
MPRegen 0.09/turn               (no ring)

@: slowed, lightly drained, very slow
A: large, unfitting armour, claws 3, regeneration 1, shaggy fur 1, tough skin 1
a: no special abilities


You were in an ossuary.
You visited 1 branch of the dungeon, and saw 4 of its levels.
You also visited: Ossuary.

You collected 24 gold pieces.

Inventory:

Armour
 a - a +0 robe (worn)
 b - a +0 kite shield (worn)
Jewellery
 h - an amulet of regeneration (around neck)
Scrolls
 d - 2 scrolls of torment {unknown}
 e - 2 scrolls of teleportation
 f - a scroll of summoning {unknown}
 g - a scroll of noise {unknown}
 i - 2 scrolls of identify {unknown}
 j - 2 scrolls of magic mapping {unknown}
 k - a scroll of enchant armour {unknown}
 l - 2 scrolls of poison {unknown}
 m - a scroll of amnesia {unknown}
 q - a scroll of blinking {unknown}
Potions
 c - a potion of might
 n - a potion of haste {unknown}
 o - a potion of lignification {unknown}
 p - 2 potions of magic {unknown}
 r - a potion of mutation {unknown}
 s - a potion of invisibility {unknown}


   Skills:
 + Level 3.5 Fighting
 - Level 2.5 Dodging
 + Level 3.9 Shields
 * Level 4.8 Unarmed Combat


You had 5 spell levels left.
You didn't know any spells.
Your spell library was empty.

Dungeon Overview and Level Annotations

Branches:
Dungeon (4/15)            Ossuary (1/1)
 Temple: D:4-7

Altars:

Shops:
D:1 (   D:2 :


Innate Abilities, Weirdness & Mutations

You are too large for most types of armour.
You have claws for hands.
Your natural rate of healing is unusually fast.
You are covered in fur. (AC +1)
You have tough skin. (AC +1)


Message History

The wraith hits you. The wraith drains your vigour!
You feel as though you will be slow longer.
The wraith hits you! The wraith drains your vigour!
You feel as though you will be slow longer.
You scratch the wraith.
The wraith is moderately damaged.
The wraith hits you.
You scratch the wraith but do no damage.
The wraith is moderately damaged.
The wraith hits you! The wraith drains your vigour!
You feel as though you will be slow longer.
The wraith hits you! The wraith drains your vigour!
You feel as though you will be slow longer.
You scratch the wraith but do no damage.
The wraith is moderately damaged.
The wraith closely misses you. The wraith hits you.
The wraith drains your vigour!
You feel as though you will be slow longer.
You scratch the wraith but do no damage.
The wraith is moderately damaged.
The wraith hits you.
* * * LOW HITPOINT WARNING * * *
The wraith hits you.
* * * LOW HITPOINT WARNING * * *
The wraith drains your vigour!
You feel as though you will be slow longer.
You scratch the wraith but do no damage.
The wraith is moderately damaged.
You block the wraith's attack.
You completely miss the wraith.
The wraith is moderately damaged.
The wraith hits you!
* * * LOW HITPOINT WARNING * * *
The wraith drains your vigour!
You feel as though you will be slow longer.
The wraith barely misses you.
You scratch the wraith.
The wraith is heavily damaged.
The wraith hits you!
You die...

#...............#
##.###.......###.#
.'.# #.......#z#.#
##.###.......###.#
#...............#
#.###..###..###.#
#.#.#..#z#..#.#.#
#.)##..###..##W.#
#..............@#
#################


You could see a wraith.

Vanquished Creatures
  An ogre (D:4)
  3 wights (Ossuary)
  An iguana (D:4)
  An adder (D:2)
  An adder zombie (Ossuary)
  2 worms (D:2)
  5 ball pythons
  3 endoplasms
  3 giant cockroaches (D:1)
  4 goblins
  3 hobgoblins
  4 kobolds (D:1)
  A quokka (D:1)
  A ball python skeleton (Ossuary)
  A bat (D:1)
  2 hobgoblin zombies (Ossuary)
  3 kobold zombies (Ossuary)
  An orc zombie (Ossuary)
  6 rats
46 creatures vanquished.

Notes
Turn   | Place    | Note
-------+----------+-------------------------------------------
     0 | D:1      | MacCMillion the Troll Fighter began the quest for the Orb.
     0 | D:1      | Reached XP level 1. HP: 22/22 MP: 0/0
    89 | D:1      | Reached XP level 2. HP: 29/29 MP: 1/1
    92 | D:1      | Found Hiontac's Antique Weapon Emporium.
   195 | D:1      | Found a faded altar of an unknown god.
   761 | D:2      | Found Umat's Book Shoppe.
   772 | D:2      | Reached XP level 3. HP: 36/36 MP: 2/2
   956 | D:2      | Reached skill level 3 in Unarmed Combat
  1007 | D:4      | Noticed an ogre
  1020 | D:4      | HP: 1/36 [ogre/+0 giant club (31)]
  1024 | D:4      | Killed an ogre
  1025 | D:4      | Reached XP level 4. HP: 11/45 MP: 3/3
  1122 | D:4      | Reached skill level 4 in Unarmed Combat
  1122 | D:4      | Reached XP level 5. HP: 53/53 MP: 4/4
  1127 | D:4      | Found a sand-covered staircase.
  1132 | Ossuary  | Entered an ossuary
  1221 | Ossuary  | Reached XP level 6. HP: 59/61 MP: 5/5
  1388 | Ossuary  | Noticed a wraith
  1388 | Ossuary  | Noticed a flying skull
  1395 | Ossuary  | Noticed a flying skull
  1433 | Ossuary  | Noticed a flying skull
  1444 | Ossuary  | Noticed a flying skull
  1481 | Ossuary  | Noticed a wraith
  1500 | Ossuary  | Slain by a wraith

Illustrated notes

Levels and vault maps discovered:
D:1:      dpeg_arrival_ternary, layout_loops_ring,
          shapermc_ecumenical_altar_venn, serial_shops, nicolae_shop_waterfront,
          minmay_misc_feat_room, minmay_misc_feat_hallway
D:2:      layout_basic, serial_shops, nicolae_shop_behind_doors
D:3:      layout_loops_ring, nicolae_overflow_hallway_of_the_gods,
          minmay_fractal_squares_gapless_5, uniq_sigmund, uniq_grinder
D:4:      layout_basic, mainiacjoe_overflow_24_doors, enter_ossuary_5, uniq_ijyb
Ossuary:  ossuary_due_cavern

Skill      XL: |  1  2  3  4 |
---------------+-------------+-----
Shields        | 3 |  3.9
Unarmed Combat | 3 4 |  4.8
Fighting       | 3 |  3.5
Dodging        | |  2.5

Action                   |  1- 3 |  4- 6 || total
-------------------------+-------+-------++-------
Melee: Unarmed           |    73 |    64 ||   137
  Use: Scroll            |       |     1 ||     1
 Stab: Sleeping          |     1 |     1 ||     2
Armor: Robe              |    17 |     4 ||    21
Dodge: Dodged            |    16 |    16 ||    32
Block: Kite shield       |    21 |    15 ||    36
